 Dungeon Crawl Stone Soup version 0.29-a0-378-gc08b2e8bf8 (webtiles) character file.

Game seed: 14321157890603104207

317 zeratav the Fighter (level 6, -1/60 (61) HPs)
             Began as a Minotaur Fighter on May 4, 2022.
             Slain by a necrophage (6 damage)
             ... on level 4 of the Dungeon.
             The game lasted 00:04:32 (2377 turns).

zeratav the Fighter (Minotaur Fighter)              Turns: 2377, Time: 00:04:33

HP:   -1/60 (61)    AC: 11    Str: 24    XL:     6   Next: 20%
MP:   5/5           EV:  9    Int:  5    God:
Gold: 152           SH:  4    Dex: 10    Spells: 5/5 levels left

rFire   . . .      SeeInvis .   B - +11 hand axe of the Pure Spirits {vorpal, rElec rN++ Str+2, axe}
rCold   . . .      Faith    .   c - +0 buckler
rNeg    + + .      Spirit   .   b - +0 scale mail
rPois   .          Reflect  .   (helmet restricted)
rElec   +          Harm     .   (no cloak)
rCorr   .          Rampage  .   (no gloves)
Will    .....                   (no boots)
Stlth   ..........              (no amulet)
HPRegen 0.20/turn               e - +4 ring of protection
MPRegen 0.09/turn               (no ring)

@: lightly drained
A: horns 2, retaliatory headbutt
a: no special abilities


You were on level 4 of the Dungeon.
You visited 1 branch of the dungeon, and saw 4 of its levels.

You collected 152 gold pieces.


Innate Abilities, Weirdness & Mutations

You have a pair of horns on your head.
You reflexively headbutt those who attack you in melee.


   Skills:
 - Level 8.0 Fighting
 - Level 2.4 Axes
 + Level 4.6 Armour
 - Level 3.6 Shields


You had 5 spell levels left.
You didn't know any spells.
Your spell library contained the following spells:

 Spells                   Type           Power      Damage    Failure   Level
 Static Discharge         Conj/Air       0%         N/A       94%         2
 Dispel Undead            Necr           0%         3d6       100%        4
 Sticky Flame             Conj/Fire      0%         2d3       100%        4

Inventory:

Hand Weapons
 B - the +11 hand axe of the Pure Spirits (weapon) {vorpal, rElec rN++ Str+2, axe}
   (You found it on level 3 of the Dungeon)

   It inflicts extra damage upon your enemies.
   Str:       It affects your strength (+2).
   rElec:     It insulates you from electricity.
   rN:        It greatly protects you from negative energy.
Armour
 b - a +0 scale mail (worn)
 c - a +0 buckler (worn)
 y - a +0 plate armour
   (You found it on level 3 of the Dungeon)
Jewellery
 e - a +4 ring of protection (left hand)
   (You found it on level 1 of the Dungeon)
Scrolls
 g - 2 scrolls of fear {unknown}
 j - 2 scrolls of blinking {unknown}
 k - a scroll of enchant armour {unknown}
 m - a scroll of brand weapon {unknown}
 q - a scroll of summoning {unknown}
 r - a scroll of identify {unknown}
 x - a scroll of noise {unknown}
 C - a scroll of immolation {unknown}
Potions
 d - a potion of might
 n - a potion of cancellation {unknown}
 p - a potion of magic {unknown}
 t - a potion of berserk rage {unknown}
 w - a potion of mutation {unknown}

Dungeon Overview and Level Annotations

Branches:
Dungeon (4/15)
 Temple: D:4-7

Altars:
Ashenzari
Ru
Uskayaw
Zin

Shops:
D:3 =

Annotations:
D:4 Eustachio, Grinder

#................#
##................#
..................#
#..............####
#................##
##..).............#
###..))...†5........
.......)†@r†.........
..?......§@..†........
.........n$...........
.........####..†......
.......... ...........
..........###.........
....?..<# #.........
###.### #......... #.
#......... ##.......#


You could see Eustachio, Grinder, a necrophage and a river rat (summoned).


Message History

The ufetubus disappears in a puff of smoke!
The goblin shoots a sling bullet.
You block the sling bullet. The river rat bites you.
A necrophage comes into view.
There is a stone staircase leading up, spattered with blood here.
HP[-5]
You take 5 damage, and now have 31/61 hp.
You hit the goblin.
You kill the goblin!
You slash the river rat!
You kill the river rat!
The river rat's corpse disappears in a puff of smoke!
The goblin shoots a sling bullet.
The sling bullet misses you.
The quasit bites you but does no damage.
The quasit claws you but does no damage. x2
You barely miss the quasit. Your headbutt misses the quasit.
You closely miss the hobgoblin. The quasit barely misses you.
The quasit claws you but does no damage. x2
The hobgoblin hits you but does no damage.
The giant cockroach bites you but does no damage.
The quasit closely misses you. The quasit barely misses you.
The quasit claws you.
* * * LOW HITPOINT WARNING * * *
HP[-1]
You take 1 damage, and now have 30/61 hp.
Unknown command.
You closely miss Eustachio. You headbutt Eustachio.
You closely miss the hobgoblin. You barely miss the quasit.
You slash the giant cockroach!
You kill the giant cockroach!
You closely miss the goblin. Eustachio hits you with a +0 falchion!
* * * LOW HITPOINT WARNING * * *
The hobgoblin barely misses you. You block the quasit's attack.
The quasit closely misses you.
The quasit claws you but does no damage.
The goblin unwields a +0 hunting sling.
The goblin wields a +0 club.
The goblin closely misses you. You furiously retaliate!
You headbutt the goblin.
You kill the goblin!
The shadow imp gestures at you. Pain shoots through your body!
* * * LOW HITPOINT WARNING * * *
HP[-8]
You take 8 damage, and now have 22/61 hp.
You miss Eustachio. You hit the hobgoblin. You slash the quasit!
You hit the shadow imp but do no damage.
The quasit bites you but does no damage.
The quasit claws you but does no damage.
The quasit barely misses you. Eustachio barely misses you.
The hobgoblin closely misses you. You block the shadow imp's attack.
The quasit bites you.
* * * LOW HITPOINT WARNING * * *
The quasit claws you but does no damage.
The quasit barely misses you. Eustachio barely misses you.
The hobgoblin barely misses you. You furiously retaliate!
You headbutt the hobgoblin!
You kill the hobgoblin!
HP[-2]
You take 2 damage, and now have 20/61 hp.
You closely miss Eustachio. You hit the quasit but do no damage.
You slash the shadow imp!
You kill the shadow imp!
The shadow imp disappears in a puff of smoke!
The quasit barely misses you.
The quasit claws you but does no damage.
You block the quasit's attack. Eustachio closely misses you.
You hit Eustachio. You hit the necrophage. You miss the quasit.
You block the quasit's attack. The quasit completely misses you.
The quasit claws you but does no damage.
Eustachio mumbles some strange words.
The necrophage hits you but does no damage.
The quasit bites you but does no damage.
The quasit claws you.
* * * LOW HITPOINT WARNING * * *
You block the quasit's attack.
HP[-2]
You take 2 damage, and now have 18/61 hp.
You slash Eustachio! Your headbutt misses Eustachio. You slash the necrophage!
You hit the quasit.
You kill the quasit!
The quasit disappears in a puff of smoke!
Eustachio hits you but does no damage. You block the necrophage's attack.
HP[+1]
You closely miss Eustachio. You hit the river rat. You hit the necrophage.
You slash Grinder!
Grinder blinks!
Eustachio closely misses you. The necrophage hits you.
* * * LOW HITPOINT WARNING * * *
You partially resist.
You feel drained. The river rat bites you.
* * * LOW HITPOINT WARNING * * *
HP[-4]
You now have 60 max hp (-1).
You take 4 damage, and now have 15/60 hp.
You hit Eustachio. You hit the river rat. You barely miss the necrophage.
Eustachio hits you with a +0 falchion.
* * * LOW HITPOINT WARNING * * *
The necrophage hits you but does no damage.
The river rat bites you!
* * * LOW HITPOINT WARNING * * *
The necrophage hits you.
You die...

Skill      XL: |  1  2  3  4  5 |
---------------+----------------+-----
Fighting       | 4 5 6 8 |  8.0
Armour         | 4 |  4.6
Axes           | |  2.4
Shields        | |  3.6

Action                   |  1- 3 |  4- 6 || total
-------------------------+-------+-------++-------
Melee: War axe           |    77 |    37 ||   114
       Headbutt          |     9 |     9 ||    18
       Hand axe          |       |    29 ||    29
Armor: Scale mail        |    44 |    41 ||    85
Dodge: Dodged            |    47 |    39 ||    86
Block: Buckler           |    11 |    17 ||    28

Levels and vault maps discovered:
D:1:      grunt_arrival_lava_bath, layout_loops_ring, basic_ecumenical_altar
D:2:      layout_basic, minmay_pentomino_o2
D:3:      layout_basic, grunt_temple_overflow_open, serial_shops, shop
D:4:      layout_rooms, minmay_temple_entry_glassed_door, serial_shops, shop,
          uniq_grinder, uniq_pikel, uniq_eustachio

Notes
Turn   | Place    | Note
-------+----------+-------------------------------------------
     0 | D:1      | zeratav the Minotaur Fighter began the quest for the Orb.
     0 | D:1      | Reached XP level 1. HP: 19/19 MP: 0/0
     0 | D:1      | magus.rc [v1.9.6]
     0 | D:1      | Found a faded altar of an unknown god.
    65 | D:1      | Reached skill level 4 in Fighting
   213 | D:1      | Reached XP level 2. HP: 28/28 MP: 1/1
   354 | D:1      | Reached skill level 5 in Fighting
   457 | D:1      | Reached XP level 3. HP: 36/36 MP: 2/2
   935 | D:2      | HP: 9/37 [worm (5)]
  1177 | D:2      | Reached skill level 6 in Fighting
  1177 | D:2      | Reached XP level 4. HP: 44/44 MP: 3/3
  1382 | D:2      | You pick up a book of Touch and begin reading...
  1382 | D:2      | You add the spells Static Discharge, Sticky Flame and
                  | Dispel Undead to your library.
  1709 | D:3      | Found Korr's Jewellery Shoppe.
  1895 | D:3      | Found a glowing silver altar of Zin.
  1898 | D:3      | Found a broken altar of Ashenzari.
  1898 | D:3      | Found a sacrificial altar of Ru.
  1901 | D:3      | Found a hide-covered altar of Uskayaw.
  2005 | D:3      | Identified the +11 hand axe of the Pure Spirits {vorpal,
                  | rElec rN++ Str+2}
  2115 | D:3      | Reached XP level 5. HP: 50/51 MP: 4/4
  2294 | D:4      | Reached skill level 7 in Fighting
  2351 | D:4      | Noticed an ogre
  2358 | D:4      | Noticed Eustachio
  2358 | D:4      | Noticed Grinder
  2359 | D:4      | Killed an ogre
  2360 | D:4      | Reached skill level 8 in Fighting
  2360 | D:4      | Reached skill level 4 in Armour
  2360 | D:4      | Reached XP level 6. HP: 46/61 MP: 5/5
  2376 | D:4      | HP: 15/60 [river rat[Eustachio] (1)]
  2377 | D:4      | HP: 5/60 [river rat[Eustachio] (7)]
  2377 | D:4      | Slain by a necrophage

Vanquished Creatures
  An ogre (D:4)
  A hound (D:4)
  A jelly (D:3)
  An iguana (D:4)
  An orc wizard (D:4)
  A gnoll (D:1)
  3 adders
  4 worms
  3 orcs (D:4)
  4 bats
  6 endoplasms
  4 giant cockroaches
  7 goblins
  7 hobgoblins
  3 jackals (D:1)
  10 kobolds
  4 quokkas
  6 ball pythons
  5 frilled lizards
  3 rats
75 creatures vanquished.

Table legend:
 A = Non-vault XP
 B = Vault XP
 C = Vault XP percentage of total XP
 D = Non-vault monster count
 E = Vault monster count
 F = Vault count percentage of total count
                 A         B        C        D         E       F
            +---------+---------+-------+---------+---------+-------
      Total |     452 |       2 |   0.4 |      74 |       1 |   1.3
            +---------+---------+-------+---------+---------+-------
        D:1 |      63 |       0 |   0.0 |      28 |       0 |   0.0
        D:2 |      52 |       2 |   3.7 |      15 |       1 |   6.2
        D:3 |      81 |       0 |   0.0 |      17 |       0 |   0.0
        D:4 |     256 |       0 |   0.0 |      14 |       0 |   0.0
            +---------+---------+-------+---------+---------+-------

Illustrated notes

Table legend:
 A = Kills in this place as a percentage of kills in entire the game.
 B = Kills by you in this place as a percentage of kills by you in the entire game.
 C = Kills by friends in this place as a percentage of kills by friends in the entire game.
 D = Other kills in this place as a percentage of other kills in the entire game.
 E = Experience gained in this place as a percentage of experience gained in the entire game.
 F = Experience gained in this place divided by the number of levels of this place that you have seen.
                   A       B       C       D       E      F
               +-------+-------+-------+-------+-------+----------------------
         Total | 100.0 | 100.0 |   N/A |   N/A | 100.0 | 113.5
       Dungeon | 100.0 | 100.0 |   N/A |   N/A | 100.0 | 113.5
               +-------+-------+-------+-------+-------+----------------------

Table legend: (Time is in decaauts)
 A = Elapsed time spent in this place.
 B = Non-inter-level travel time spent in this place.
 C = Inter-level travel time spent in this place.
 D = Time resting spent in this place.
 E = Time spent auto-exploring this place.
 F = Levels seen in this place.
 G = Mean time per level.
                   A        B        C        D        E       F      G
               +--------+--------+--------+--------+--------+-----+--------+
         Total |   2428 |   2331 |     97 |      0 |   1872 |   4 |  607.0 |
       Dungeon |   2428 |   2331 |     97 |      0 |   1872 |   4 |  607.0 |
               +--------+--------+--------+--------+--------+-----+--------+

Top non-repeatable levels by time:
     D:2: 890 daAuts
     D:1: 854 daAuts
     D:3: 591 daAuts
     D:4: 91 daAuts
